 Dungeon Crawl Stone Soup version 0.18.1-48-g4cf74bf (webtiles) character file.

337 dvd the Shield-Bearer (level 6, -3/56 HPs)
             Began as a Deep Dwarf Fighter on Sept 7, 2016.
             Slain by Menkaure (20 damage)
             ... on level 4 of the Dungeon.
             The game lasted 00:07:53 (2789 turns).

dvd the Shield-Bearer (Deep Dwarf Fighter)          Turns: 2789, Time: 00:07:53

Health: -3/56      AC:  7    Str: 21    XL:     6   Next: 28%
Magic:  6/6        EV:  8    Int:  8    God:
Gold:   116        SH: 11    Dex: 13    Spells: 0 memorised, 5 levels left

rFire  . . .     SeeInvis .     a - +1 war axe
rCold  . . .     Gourm    .     x - +0 scale mail
rNeg   . . .     Faith    .     c - +1 shield
rPois  .         Spirit   .     (no helmet)
rElec  .         Dismiss  .     (no cloak)
rCorr  .         Reflect  .     (no gloves)
SustAt .         Harm     .     (no boots)
MR     .....                    (no amulet)
Stlth  ..........               (no ring)
                                (no ring)

@: non-regenerating, not resistant to hostile enchantments, extremely unstealthy
A: damage resistance, recharge devices, sense surroundings 1, slow regeneration
3
a: Device Recharging


You were on level 4 of the Dungeon.
You were not hungry.

You visited 1 branch of the dungeon, and saw 4 of its levels.

You collected 116 gold pieces.

Inventory:

Hand Weapons
 a - a +1 war axe (weapon)
 b - a +0 flail
 v - a +0 whip
Armour
 c - a +1 shield (worn)
 x - a +0 scale mail (worn)
Wands
 e - a wand of heal wounds (2/9)
 u - a wand of acid (10/15)
 y - a wand of random effects (22/48)
Scrolls
 k - a scroll of fog
Potions
 d - 2 potions of might
 g - a potion of invisibility {unknown}
 n - a potion of degeneration {unknown}
 q - a potion of ambrosia {unknown}
 t - a potion of magic {unknown}
 w - a potion of agility {unknown}
Comestibles
 f - 2 bread rations
 m - a beef jerky
 s - 3 fruits


   Skills:
 + Level 3.4 Fighting
 + Level 3.9 Axes
 + Level 4.6 Armour
 + Level 1.9 Dodging
 + Level 1.1 Stealth
 + Level 4.9 Shields
 + Level 0.3 Evocations


You had 5 spell levels left.
You didn't know any spells.

Dungeon Overview and Level Annotations

Branches:
Dungeon (4/15)
 Temple: D:4-7

Altars:

Annotations:
D:4 Menkaure


Innate Abilities, Weirdness & Mutations

You are resistant to damage.
You can recharge devices by infusing magical energy.
You passively map a small area around you.
You do not regenerate naturally.


Message History

Your shield and scale mail prevent you from hitting the goblin.
The goblin is moderately wounded.
The goblin misses you.
You slash the goblin!
You kill the goblin!
Menkaure gestures wildly while chanting.
Menkaure seems to speed up.
You slash the goblin!
You kill the goblin!
The dart slug bites you but does no damage.
Items here: ))) ††††††† You hit the dart slug.
The dart slug is severely wounded.
You block the dart slug's attack.
You hit the dart slug.
You kill the dart slug!
You slash Menkaure!
Menkaure is heavily damaged.
Menkaure hits you!!
You die...

* ** , ,
, *, , *
*, , , *
** * # *
#.#####.#
#.gM@<).#
#..######
#., , # ,
* , ,*


ggg ,,,, , * #g#* * ** # #.# * #.* #.# , ##.# #.# You could see Menkaure and a
hobgoblin.

Vanquished Creatures
  A howler monkey (D:3)
  3 orc priests (D:3)
  Robin (D:4)
  8 adders
  An ooze (D:2)
  4 worms
  3 dart slugs
  A giant gecko (D:1)
  8 orcs (D:3)
  7 bats
  18 goblins
  15 hobgoblins
  8 jackals
  8 kobolds
  2 quokkas
  6 giant newts
  6 rats
100 creatures vanquished.

Notes
Turn   | Place    | Note
--------------------------------------------------------------
     0 | D:1      | dvd the Deep Dwarf Fighter began the quest for the Orb.
     0 | D:1      | Reached XP level 1. HP: 20/20 MP: 1/1
    27 | D:1      | Reached XP level 2. HP: 27/27 MP: 2/2
   770 | D:2      | Reached XP level 3. HP: 27/34 MP: 3/3
  1159 | D:2      | Reached skill level 1 in Dodging
  1159 | D:2      | Reached XP level 4. HP: 13/42 MP: 4/4
  1672 | D:2      | You fall through a shaft for 2 floors!
  1674 | D:4      | Noticed Menkaure
  1685 | D:3      | Reached XP level 5. HP: 48/49 MP: 5/5
  1842 | D:3      | Reached skill level 1 in Stealth
  2462 | D:3      | Reached XP level 6. HP: 33/56 MP: 6/6
  2757 | D:4      | Noticed Robin
  2768 | D:4      | Killed Robin
  2789 | D:4      | Slain by Menkaure

Skill      XL: |  1  2  3  4  5 |
---------------+----------------+-----
Fighting       | 3 |  3.4
Shields        | 4 |  4.9
Armour         | 4 |  4.6
Dodging        | 1 |  1.9
Axes           | 3 |  3.9
Stealth        | 1 |  1.1
Evocations     | |  0.3

Action                   |  1- 3 |  4- 6 || total
-------------------------+-------+-------++-------
Melee: War axe           |   153 |   203 ||   356
Evoke: Wand              |       |     3 ||     3
  Use: Scroll            |       |     8 ||     8
  Eat: Chunk             |     1 |     6 ||     7
Armor: Scale mail        |    70 |    81 ||   151
Dodge: Dodged            |    49 |    85 ||   134
Block: Shield            |    95 |   109 ||   204
